 Dungeon Crawl Stone Soup version 0.29-a0-369-gd956c00756 (webtiles) character file.

Game seed: 8789284249728828465

84 sammy202020 the Skirmisher (level 4, -3/57 HPs)
             Began as a Demonspawn Berserker on May 2, 2022.
             Was a Believer of Trog.
             Succumbed to an orc's poison
             ... on level 3 of the Dungeon.
             The game lasted 00:03:32 (3602 turns).

sammy202020 the Skirmisher (Demonspawn Berserker)   Turns: 3602, Time: 00:03:32

Health: -3/57      AC:  9    Str: 18    XL:     4   Next: 23%
Magic:  4/4        EV:  7    Int: 10    God:    Trog [**....]
Gold:   72         SH:  0    Dex: 12    Spells: 3/3 levels left

rFire   . . .      SeeInvis .   a - +0 hand axe
rCold   . . .      Faith    .   (no shield)
rNeg    . . .      Spirit   .   j - +0 chain mail
rPois   .          Reflect  .   (no helmet)
rElec   .          Harm     .   (no cloak)
rCorr   .          Rampage  .   (no gloves)
Will    ++...                   (no boots)
Stlth   ..........              (no amulet)
HPRegen 1.19/turn               (no ring)
MPRegen 0.09/turn               (no ring)

@: berserking, lethally poisoned (-3 -> -16), strong-willed, regenerating, very
quick
A: rugged brown scales 1, powered by death 1
a: Renounce Religion, Berserk, Trog's Hand


You were on level 3 of the Dungeon.
You worshipped Trog.
Trog was pleased with you.
You visited 1 branch of the dungeon, and saw 3 of its levels.

You collected 135 gold pieces.
You spent 63 gold pieces at shops.

Inventory:

Hand Weapons
 a - a +0 hand axe (weapon)
 h - a +0 mace
Missiles
 f - a throwing net (quivered)
Armour
 b - a +0 animal skin
 i - the +4 ring mail of Clean Beauty {rC- rN+ rCorr}
   (You found it on level 2 of the Dungeon)

   rC:        It makes you vulnerable to cold.
   rN:        It protects you from negative energy.
   rCorr:     It protects you from acid and corrosion.
 j - a +0 chain mail (worn)
Scrolls
 c - a scroll of torment
 k - a scroll of amnesia {unknown}
 l - a scroll of fog {unknown}
Potions
 d - 2 potions of degeneration {unknown}
 e - a potion of attraction {unknown}
 g - a potion of brilliance


   Skills:
 * Level 3.8 Fighting
 * Level 3.4 Axes
 + Level 2.3 Armour
 + Level 2.3 Dodging


You had 3 spell levels left.
You didn't know any spells.
Your spell library was empty.

Dungeon Overview and Level Annotations

Branches:
Dungeon (3/15)

Altars:

Shops:
D:2 *


Innate Abilities, Weirdness & Mutations

You are partially covered in rugged brown scales. (AC +1, +3% HP)
You regenerate a little health from kills.


Message History

The orc barely misses you.
You hit the orc.
You kill the orc!
Trog accepts your kill.
You hit the orc.
You feel very sick.
The orc hits you with a +0 dagger of venom.
You are more poisoned.
You hit the orc but do no damage.
The orc is moderately wounded.
You feel very sick. The orc hits you but does no damage.
You are more poisoned.
You closely miss the orc.
The orc is moderately wounded.
You feel very sick. The orc hits you but does no damage.
You are lethally poisoned!
You hit the orc but do no damage.
The orc is moderately wounded.
You feel very sick.
The orc hits you with a +0 dagger of venom.
You are more poisoned.
The orc hits you with a +0 dagger of venom.
* * * LOW HITPOINT WARNING * * *
Your skin crawls.
You feel strong-willed.
* * * LOW HITPOINT WARNING * * *
You feel extremely sick.
The orc hits you with a +0 dagger of venom.
* * * LOW HITPOINT WARNING * * *
You are more poisoned.
A red film seems to cover your vision as you go berserk!
You feel yourself moving faster!
You feel mighty!
* * * LOW HITPOINT WARNING * * *
You feel very sick. The orc barely misses you.
You barely miss the orc.
The orc is moderately wounded.
You die...

........## #######..#
......#..# #####.#..#
####### ......#..#
#.....# #######..##
#.....#
..........######.....###
#######.........).......
≈≈≈≈≈≈###.#####.@o...#
≈..≈≈≈###..####.######
##.#≈≈#....##.......#
#.#..≈#.....#.(.....#
†#.#.≈#.....#....)..#
#.##≈≈#.....###.#####
≈..≈≈≈#......##.#
≈≈≈≈≈≈#....#.##.#
#######....#.##.#####..


You could see an orc.

Vanquished Creatures
  An adder (D:3)
  A worm (D:2)
  2 dart slugs
  An orc (D:3)
  4 bats
  9 endoplasms
  3 giant cockroaches
  6 goblins
  A hobgoblin (D:1)
  3 jackals (D:2)
  7 kobolds
  2 quokkas
  10 ball pythons
  2 frilled lizards
  4 rats
56 creatures vanquished.

Notes
Turn   | Place    | Note
-------+----------+-------------------------------------------
     0 | D:1      | sammy202020 the Demonspawn Berserker began the quest for
                  | the Orb.
     0 | D:1      | Reached XP level 1. HP: 18/18 MP: 1/1
   209 | D:1      | Found a faded altar of an unknown god.
   440 | D:1      | Gained mutation: You are partially covered in rugged brown
                  | scales. (AC +1, +3% HP) [demonic ancestry]
   440 | D:1      | Reached XP level 2. HP: 5/24 MP: 2/2
  1764 | D:2      | Gained mutation: You regenerate a little health from kills.
                  | [demonic ancestry]
  1764 | D:2      | Reached XP level 3. HP: 25/29 MP: 3/3
  2575 | D:2      | Identified the +4 ring mail of Clean Beauty {rC- rN+ rCorr}
  2691 | D:2      | Reached ** piety under Trog
  2858 | D:2      | Found Ufevusoo's General Store.
  2919 | D:2      | Bought a +0 chain mail for 63 gold pieces
  3074 | D:3      | Reached XP level 4. HP: 32/38 MP: 4/4
  3601 | D:3      | HP: 1/57 [poisoned by an orc]
  3602 | D:3      | Succumbed to an orc's poison

Illustrated notes

Levels and vault maps discovered:
D:1:      heliophobic_arrival_henge, layout_loops_cross,
          shapermc_ecumenical_altar_starsandcircs
D:2:      cheibrodos_helix_gallery, layout_basic, serial_shops, shop
D:3:      minmay_chambers_of_twos, layout_basic, kennysheep_generic_room_4

Skill      XL: |  1  2 |
---------------+-------+-----
Dodging        | 2 |  2.3
Axes           | 3 |  3.4
Armour         | 2 |  2.3
Fighting       | |  3.8

Action                   |  1- 3 |  4- 6 || total
-------------------------+-------+-------++-------
Melee: Hand axe          |   163 |    19 ||   182
Invok: Berserk           |     1 |     1 ||     2
       Trog's Hand       |       |     1 ||     1
  Use: Scroll            |     2 |       ||     2
 Stab: Distracted        |     1 |       ||     1
       Sleeping          |     1 |       ||     1
Armor: Animal skin       |    36 |       ||    36
       Chain mail        |     9 |    10 ||    19
Dodge: Dodged            |   139 |     4 ||   143

Table legend: (Time is in decaauts)
 A = Elapsed time spent in this place.
 B = Non-inter-level travel time spent in this place.
 C = Inter-level travel time spent in this place.
 D = Time resting spent in this place.
 E = Time spent auto-exploring this place.
 F = Levels seen in this place.
 G = Mean time per level.
                   A        B        C        D        E       F      G
               +--------+--------+--------+--------+--------+-----+--------+
         Total |   3639 |   3623 |     16 |   1025 |   2159 |   3 | 1213.0 |
       Dungeon |   3639 |   3623 |     16 |   1025 |   2159 |   3 | 1213.0 |
               +--------+--------+--------+--------+--------+-----+--------+

Top non-repeatable levels by time:
     D:1: 1762 daAuts
     D:2: 1313 daAuts
     D:3: 563 daAuts
